 Dungeon Crawl Stone Soup version 0.17.0-1-g61d176b (console) character file.

85 gw the Conjurer (level 4, 0/27 HPs)
             Began as a Tengu Conjurer on Nov 7, 2015.
             Slain by an ogre
             ... wielding a +0 giant spiked club
              (21 damage)
             ... on level 3 of the Dungeon.
             The game lasted 00:02:37 (2668 turns).

gw the Conjurer (Tengu Conjurer)                    Turns: 2668, Time: 00:02:37

Health: 0/27       AC:  2    Str:  8    XL:     4   Next: 48%
Magic:  0/9        EV: 13    Int: 16    God:
Gold:   182        SH:  0    Dex: 15    Spells: 1 memorised, 8 levels left

rFire  . . .     SeeInvis .     a - +0 short sword
rCold  . . .     Clarity  .     e - +0 robe
rNeg   . . .     SustAt   .     (no shield)
rPois  .         Gourm    .     (helmet restricted)
rElec  .         Spirit   .     (no cloak)
rCorr  .         Warding  .     (no gloves)
rMut   .         Stasis   .     (boots unavailable)
MR     .....                    (no amulet)
Stlth  ++........               (no ring)
                                (no ring)

@: lethally poisoned (0 -> -1), not resistant to hostile enchantments,
unstealthy
A: beak, talons 3
a: no special abilities


You were on level 3 of the Dungeon.
You were not hungry.

You visited 1 branch of the dungeon, and saw 3 of its levels.

You collected 182 gold pieces.

Inventory:

Hand Weapons
 a - a +0 short sword (weapon)
Missiles
 d - 32 bolts
Armour
 e - a +0 robe (worn)
Books
 b - a book of Conjurations

   Spells                             Type                      Level
   a - Magic Dart                     Conjuration                  1
   b - Searing Ray                    Conjuration                  2
   c - Dazzling Spray                 Conjuration/Hexes            3
   d - Fulminant Prism                Conjuration/Hexes            4
   e - Iskenderun's Mystic Blast      Conjuration                  4
   f - Iskenderun's Battlesphere      Conjuration/Charms           5
Comestibles
 c - a bread ration


   Skills:
 * Level 2.3 Fighting
 + Level 3.0 Dodging
 - Level 2.0 Stealth
 + Level 3.0 Spellcasting
 - Level 5.3 Conjurations


You had 8 spell levels left.
You knew the following spells:

 Your Spells              Type           Power        Failure   Level  Hunger
a - Magic Dart            Conj           ###.         1%          1    #......


Dungeon Overview and Level Annotations

Branches:
Dungeon (3/15)

Altars:

Annotations:
D:3 Terence


Innate Abilities, Weirdness & Mutations

You have a beak for a mouth.
You have claws for feet.


Message History

Unknown command.
Unknown command.
Unknown command.
FLEEEEING!
ATTACKING (-1,0)
You hit the ogre. Your peck misses the ogre.
The ogre is severely wounded.
The ogre closely misses you.
Unknown command.
Unknown command.
Unknown command.
Unknown command.
FLEEEEING!
ATTACKING (-1,0)
You hit the ogre. You claw the ogre, but do no damage.
The ogre is almost dead.
You feel sick.
The ogre hits you with a giant spiked club!!
Ouch! That really hurt!
You die...

#.............# .
........##..##....
.#####....#.##....
..# ####.#...>...
.## #...### ..
..##!..####
...........#
...##$#..#.####
... #..#..#.OQ.#
.. ...##..####..#
. .... ..## #.#
...####.. ..# ...
### .# ##


You could see an ogre.

Table legend:
 A = Turns spent in this place as a percentage of turns spent in the entire game.
 B = Non-inter-level travel turns spent in this place as a percentage of non-inter-level travel turns spent in the entire game.
 C = Inter-level travel turns spent in this place as a percentage of turns spent in this place.
 D = Turns resting spent in this place as a percentage of non-inter-level travel turns spent in this place.
 E = Turns spent auto-exploring this place as a percentage of non-inter-level travel turns spent in this place.
 F = Non-inter-level travel turns spent in this place divided by the number of levels of this place that you've seen.
                   A       B       C       D       E      F
               +-------+-------+-------+-------+-------+----------------------
         Total | 100.0 | 100.0 |   0.5 |   3.2 |   2.8 | 1144.3
       Dungeon | 100.0 | 100.0 |   0.5 |   3.2 |   2.8 | 1144.3
               +-------+-------+-------+-------+-------+----------------------

Table legend:
 A = Kills in this place as a percentage of kills in entire the game.
 B = Kills by you in this place as a percentage of kills by you in the entire game.
 C = Kills by friends in this place as a percentage of kills by friends in the entire game.
 D = Other kills in this place as a percentage of other kills in the entire game.
 E = Experience gained in this place as a percentage of experience gained in the entire game.
 F = Experience gained in this place divided by the number of levels of this place that you have seen.
                   A       B       C       D       E      F
               +-------+-------+-------+-------+-------+----------------------
         Total | 100.0 | 100.0 |  -nan |  -nan | 100.0 |  40.7
       Dungeon | 100.0 | 100.0 |  -nan |  -nan | 100.0 |  40.7
               +-------+-------+-------+-------+-------+----------------------

Vanquished Creatures
  4 adders
  2 worms (D:2)
  A giant gecko (D:2)
  A ball python (D:2)
  A giant cockroach (D:1)
  9 goblins
  4 hobgoblins
  7 bats
  A giant newt (D:2)
  6 kobolds
  A quokka (D:2)
  8 rats
45 creatures vanquished.

Vanquished Creatures (others)
  4 toadstools (D:1)
4 creatures vanquished.

Grand Total: 49 creatures vanquished

Notes
Turn   | Place    | Note
--------------------------------------------------------------
     0 | D:1      | gw the Tengu Conjurer began the quest for the Orb.
     0 | D:1      | Reached XP level 1. HP: 10/10 MP: 4/4
   242 | D:1      | Reached skill level 1 in Fighting
   242 | D:1      | Reached XP level 2. HP: 14/16 MP: 3/6
   966 | D:2      | Reached XP level 3. HP: 20/20 MP: 2/7
  1682 | D:2      | Reached XP level 4. HP: 26/26 MP: 1/9
  2496 | D:3      | Noticed Terence
  2617 | D:3      | Noticed an ogre
  2668 | D:3      | Slain by an ogre

Action                   |  1- 3 |  4- 6 || total
-------------------------+-------+-------++-------
Melee: Short sword       |       |     6 ||     6
 Cast: Magic Dart        |    81 |    33 ||   114
  Eat: Chunk             |     3 |     3 ||     6

Vault maps used:
D:1:      ldierk_walled_garden_2, minmay_gold_behind_fungi, minmay_fountain_box,
          minmay_misc_feat_more_columns, hangedman_abyss_or_decor_lesser_grid
D:2:      minmay_stone_trees_small
D:3:      hangedman_ru_absence, nicolae_overflow_hidden_temple, tgw_trog,
          first_bread, uniq_terence
